Map: Blackburn LE

Players

Reynor

  • Race: Zerg Zerg
  • League: Master

Neeblet (Neeb) - Winner!

  • Race: Protoss Protoss

VOD

Have the link to the VOD?

Description

Time

  • Played on: Oct. 21, 2021, 7:43 a.m.
  • Length: 17:23
Show
View Real Time Build Order
Export as new Build Order

Reynor Zerg 

Build Orders: Hatch First, Lurkers 

Get SALT Encoding   

  12  0:00  Drone  
  13  0:12  Overlord  
  13  0:16  Drone  
  14  0:30  Drone x2  
  16  0:46  Drone x2  
  18  0:56  Hatchery  
  17  0:58  Drone  
  17  1:03  Extractor  
  17  1:13  Spawning Pool  
  17  1:16  Drone  
  17  1:20  Drone  
  18  1:27  Drone  
  19  1:38  Drone  
  20  1:49  Overlord  
  20  2:04  Queen  
  20  2:07  Zergling x2  
  24  2:08  Zergling x2  
  24  2:09  Queen  
  24  2:10  Drone  
  24  2:11  Metabolic Boost  
  27  2:19  Drone  
  27  2:21  Drone  
  29  2:29  Drone  
  30  2:37  Hatchery  
  30  2:38  Drone  
  30  2:47  Queen  
  30  2:49  Drone  
  33  2:53  Overlord  
  33  2:55  Drone  
  33  2:58  Drone  
  35  3:02  Drone  
  36  3:11  Drone  
  36  3:12  Queen  
  39  3:13  Overlord  
  39  3:17  Drone x2  
  41  3:20  Drone  
  41  3:22  Zergling x2  
  41  3:26  Drone  
  44  3:31  Queen  
  44  3:33  Overlord  
  46  3:36  Drone  
  46  3:40  Drone  
  48  3:43  Spore Crawler  
  48  3:44  Overlord  
  47  3:48  Queen  
  47  3:50  Drone  
  47  3:52  Drone  
  51  3:55  Drone x2  
  51  3:57  Drone  
  51  4:01  Drone  
  55  4:04  Overlord  
  55  4:05  Zergling x2  
  55  4:09  Spore Crawler, Zergling x2  
  55  4:11  Drone x2  
  55  4:15  Overlord  
  55  4:16  Drone  
  58  4:21  Drone  
  58  4:22  Drone x2  
  61  4:27  Overlord  
  61  4:31  Drone  
  62  4:33  Roach Warren  
  62  4:35  Drone  
  59  4:38  Drone  
  59  4:39  Drone  
  59  4:40  Lair  
  59  4:42  Extractor  
  59  4:44  Drone x2  
  63  4:45  Drone  
  63  4:49  Queen  
  63  4:50  Drone  
  63  4:52  Drone  
  67  4:54  Drone  
  67  4:55  Drone  
  67  4:58  Zergling x4  
  71  5:00  Zergling x4  
  71  5:02  Drone  
  71  5:05  Overlord  
  71  5:07  Drone x2  
  76  5:11  Evolution Chamber  
  75  5:15  Zergling x2  
  75  5:16  Overlord  
  76  5:22  Drone  
  76  5:24  Drone x3, Extractor  
  76  5:25  Drone  
  80  5:28  Overlord  
  80  5:37  Roach x3, Zergling x2  
  80  5:38  Zergling x4  
  86  5:44  Overlord  
  86  5:48  Roach x2, Zergling x8  
  91  5:50  Zerg Missile Weapons Level 1  
  91  5:52  Drone  
  91  5:54  Overlord  
  91  5:59  Drone  
  91  6:00  Extractor  
  91  6:01  Extractor x2  
  91  6:03  Drone x2  
  91  6:08  Hatchery  
  89  6:11  Drone x2  
  89  6:12  Drone  
  89  6:13  Drone  
  89  6:14  Drone x2, Glial Reconstitution  
  95  6:19  Overlord  
  95  6:20  Drone x2  
  95  6:22  Drone x2  
  95  6:24  Drone  
  95  6:25  Infestation Pit  
  99  6:27  Drone x3  
  99  6:32  Drone  
  99  6:38  Drone x2  
  98  6:40  Drone  
  98  6:46  Pneumatized Carapace  
  99  6:48  Drone x2  
  101  6:55  Spore Crawler  
  101  6:56  Spore Crawler  
  101  6:58  Drone x9  
  108  7:02  Hive  
  108  7:05  Hydralisk Den  
  108  7:06  Roach  
  108  7:07  Roach  
  111  7:08  Roach  
  111  7:09  Overseer, Roach x3  
  111  7:14  Overlord  
  119  7:16  Roach  
  119  7:17  Drone x3  
  119  7:18  Extractor  
  119  7:19  Roach  
  119  7:20  Extractor  
  127  7:22  Ravager x3  
  127  7:23  Overseer  
  127  7:24  Roach x2  
  127  7:27  Roach x2  
  135  7:34  Overlord  
  135  7:37  Drone x3  
  135  7:40  Spore Crawler, Spine Crawler  
  135  7:41  Roach x3  
  135  7:42  Overlord  
  142  7:45  Zerg Missile Weapons Level 2  
  142  7:47  Drone  
  142  7:49  Lurker Den  
  142  7:50  Overlord  
  142  7:59  Hydralisk x2  
  142  8:00  Hydralisk x2  
  142  8:03  Drone  
  142  8:04  Drone  
  152  8:07  Overlord  
  152  8:10  Hatchery  
  151  8:13  Hydralisk x2  
  151  8:14  Hydralisk  
  157  8:24  Drone x2  
  159  8:27  Spine Crawler  
  159  8:28  Spine Crawler  
  159  8:33  Muscular Augments  
  159  8:34  Spine Crawler  
  156  8:36  Overseer, Spine Crawler  
  156  8:38  Hydralisk x2  
  156  8:39  Overlord x2  
  159  8:50  Lurker x3  
  159  8:51  Lurker x2  
  159  8:55  Zergling x12  
  170  8:59  Overlord  
  170  9:03  Hydralisk x2  
  170  9:05  Seismic Spines  
  174  9:10  Lurker  
  175  9:18  Lurker  
  175  9:19  Zergling x22  
  175  9:22  Adrenal Glands  
  175  9:23  Hydralisk x3  
  175  9:24  Evolution Chamber  
  192  9:29  Queen  
  194  9:32  Extractor x2  
  194  9:37  Overlord  
  179  9:46  Hydralisk x8  
  179  9:50  Hatchery  
  179  9:52  Zerg Melee Weapons Level 1  
  185  9:55  Spire  
  185  9:58  Zergling x18  
  181  10:02  Adaptive Talons  
  178  10:13  Hydralisk x9  
  187  10:14  Zergling x4  
  187  10:17  Drone  
  187  10:20  Lurker  
  189  10:21  Lurker  
  189  10:23  Zergling x6  
  189  10:24  Zergling x2  
  190  10:32  Hydralisk x4  
  190  10:33  Zergling x2  
  181  10:43  Hydralisk x4  
  181  10:44  Zergling x2  
  181  10:46  Lurker x2  
  191  10:59  Drone x4, Viper x2  
  190  11:05  Zergling x2  
  190  11:06  Zergling x18  
  190  11:09  Hydralisk x4  
  192  11:18  Hydralisk x4  
  174  11:23  Hydralisk  
  174  11:24  Hydralisk  
  176  11:32  Hydralisk x2  
  169  11:33  Hydralisk x4  
  172  11:47  Corruptor x5  
  176  11:57  Roach x7  
  176  11:59  Overlord  
  173  12:04  Corruptor x3  
  160  12:10  Roach  
  160  12:11  Roach x4  
  160  12:12  Drone x2  
  160  12:14  Overlord  
  159  12:18  Corruptor  
  159  12:21  Lurker x2  
  159  12:24  Lurker  
  159  12:25  Zergling x10  
  165  12:30  Lurker x2  
  165  12:32  Roach x2  
  165  12:37  Lurker  
  169  12:38  Drone x8  
  177  12:44  Zerg Missile Weapons Level 3  
  177  12:51  Lurker, Extractor  
  183  12:53  Hydralisk x3, Extractor  
  183  12:54  Hydralisk  
  181  13:06  Corruptor x3  
  174  13:20  Viper x2  
  174  13:23  Zergling x20  
  187  13:28  Corruptor x2  
  187  13:30  Overseer  
  191  13:34  Hatchery  
  191  13:35  Drone x2  
  191  13:37  Lurker x2  
  194  13:43  Zerg Flyer Weapons Level 1  
  194  13:45  Spire  
  193  14:03  Corruptor x3  
  185  14:24  Hydralisk x3  
  184  14:31  Hydralisk x3  
  184  14:35  Lurker x2  
  184  14:38  Corruptor x2  
  192  14:40  Hydralisk x3  
  199  14:49  Hydralisk x3  
  193  15:12  Hydralisk x3  
  197  15:22  Queen  
  188  15:37  Lurker x6  
  188  15:38  Corruptor x2, Lurker  
  188  15:39  Hatchery  
  198  15:49  Hydralisk  
  160  15:50  Hydralisk x13  
  160  15:56  Hydralisk x19  
  194  16:07  Hydralisk x3  
  194  16:08  Hydralisk x2  
  194  16:10  Overlord  
  183  16:20  Hydralisk  
  183  16:25  Hydralisk x9  
  150  16:28  Hydralisk  
  150  16:31  Hydralisk  
  137  16:37  Hydralisk x2  
  121  16:41  Roach x2  
  121  16:46  Hydralisk  
  123  16:47  Lurker  
  123  16:50  Lurker x2  
  123  16:51  Roach x2  
  123  16:52  Roach  
  129  16:55  Hydralisk  
  129  16:56  Hydralisk  
  127  17:02  Overlord  
Show
View Real Time Build Order
Export as new Build Order

Neeblet Protoss - Winner!

Build Orders: 1 Gate Expand, Oracle Opening, Archon Immortal 

Get SALT Encoding   

  12  0:00  Probe  
  13  0:12  Probe  
  14  0:19  Pylon  
  14  0:24  Probe  
  15  0:38  Probe (Chrono Boost)  
  15  0:41  Gateway  
  16  0:47  Probe (Chrono Boost)  
  17  0:50  Assimilator  
  17  0:52  Probe (Chrono Boost)  
  19  1:04  Probe  
  19  1:16  Probe  
  20  1:27  Nexus  
  20  1:36  Cybernetics Core  
  20  1:39  Probe  
  21  1:47  Assimilator  
  21  1:52  Probe  
  22  1:54  Pylon  
  22  2:04  Probe (Chrono Boost)  
  23  2:12  Adept  
  23  2:14  Probe (Chrono Boost)  
  26  2:19  Probe (Chrono Boost)  
  27  2:24  Stargate  
  28  2:30  Probe (Chrono Boost)  
  28  2:35  Warp Gate  
  28  2:40  Probe x2 (Chrono Boost)  
  28  2:42  Adept  
  32  2:48  Probe (Chrono Boost)  
  32  2:49  Probe (Chrono Boost)  
  34  2:53  Probe (Chrono Boost)  
  34  2:57  Probe  
  36  3:01  Void Ray (Chrono Boost)  
  36  3:05  Probe  
  37  3:06  Pylon  
  37  3:09  Probe  
  42  3:17  Probe  
  42  3:19  Gateway  
  43  3:21  Probe  
  43  3:25  Adept  
  46  3:29  Probe  
  46  3:33  Probe, Pylon  
  48  3:38  Oracle (Chrono Boost)  
  51  3:41  Probe  
  51  3:44  Pylon  
  51  3:45  Probe  
  53  3:53  Probe  
  54  3:56  Adept  
  54  3:57  Probe  
  57  4:03  Pylon  
  57  4:05  Probe  
  58  4:11  Nexus  
  58  4:13  Probe  
  58  4:17  Assimilator  
  59  4:20  Probe  
  59  4:21  Assimilator  
  60  4:25  Probe  
  60  4:27  Shield Battery, Adept  
  63  4:32  Probe  
  64  4:38  Robotics Facility  
  64  4:40  Forge  
  64  4:41  Probe  
  64  4:44  Probe (Chrono Boost)  
  66  4:47  Adept  
  66  4:48  Adept  
  70  4:53  Probe (Chrono Boost)  
  70  4:55  Pylon  
  70  4:57  Probe (Chrono Boost)  
  72  5:04  Probe (Chrono Boost), Pylon  
  72  5:05  Probe (Chrono Boost)  
  74  5:08  Probe (Chrono Boost)  
  74  5:11  Probe  
  76  5:16  Protoss Ground Weapons Level 1 (Chrono Boost)  
  77  5:21  Twilight Council  
  77  5:23  Probe x3 (Chrono Boost)  
  77  5:26  Observer  
  77  5:27  Sentry x2  
  84  5:32  Gateway  
  84  5:33  Probe (Chrono Boost)  
  84  5:34  Probe (Chrono Boost)  
  84  5:35  Gateway  
  86  5:43  Probe  
  86  5:46  Probe x2  
  86  5:48  Charge  
  85  5:50  Pylon, Assimilator  
  85  5:51  Assimilator  
  85  5:55  Probe, Immortal  
  86  5:58  Templar Archives  
  86  5:59  Probe  
  86  6:00  Probe  
  86  6:02  Zealot  
  86  6:04  Sentry  
  90  6:08  Probe  
  91  6:15  Gateway  
  91  6:16  Gateway  
  91  6:18  Gateway  
  91  6:19  Gateway  
  91  6:22  Probe, Gateway  
  91  6:23  Probe  
  93  6:34  Sentry  
  93  6:35  Immortal (Chrono Boost)  
  93  6:39  Zealot, High Templar x2  
  101  6:41  Pylon  
  101  6:47  Archon, Probe x2  
  101  6:49  Pylon  
  101  6:50  Probe  
  101  6:51  Pylon  
  104  6:59  Probe  
  104  7:00  Probe, Photon Cannon  
  106  7:02  Probe  
  106  7:05  Nexus  
  106  7:06  High Templar x2  
  106  7:08  Pylon  
  111  7:09  Psionic Storm  
  111  7:10  Archon  
  111  7:12  Zealot x4  
  111  7:15  Probe x2  
  121  7:19  Protoss Ground Weapons Level 2 (Chrono Boost)  
  121  7:27  Warp Prism  
  123  7:38  Probe  
  123  7:39  Probe  
  123  7:41  Photon Cannon  
  123  7:43  Photon Cannon  
  125  7:46  High Templar x3  
  125  7:50  Photon Cannon  
  125  7:51  Photon Cannon  
  131  7:53  Photon Cannon  
  131  7:56  Shield Battery  
  131  7:59  Shield Battery  
  131  8:00  Shield Battery  
  131  8:04  Photon Cannon  
  131  8:05  Photon Cannon, Immortal (Chrono Boost)  
  131  8:11  High Templar x2  
  139  8:16  Photon Cannon  
  139  8:20  Assimilator  
  139  8:22  Assimilator  
  139  8:23  Photon Cannon  
  139  8:28  Blink  
  139  8:35  Immortal (Chrono Boost)  
  143  8:42  Pylon  
  143  8:44  Zealot x2, High Templar x2  
  143  8:45  Zealot x4  
  159  8:53  Pylon  
  159  8:55  Pylon  
  153  9:09  Fleet Beacon, Immortal (Chrono Boost)  
  153  9:14  Photon Cannon  
  153  9:16  Photon Cannon x2  
  157  9:17  Shield Battery  
  157  9:18  Shield Battery  
  157  9:27  Stargate  
  157  9:29  Stargate  
  157  9:31  Protoss Air Weapons Level 1 (Chrono Boost), High Templar x2  
  161  9:43  High Templar  
  161  9:45  Zealot x6  
  163  9:48  Immortal (Chrono Boost)  
  169  10:01  Protoss Ground Weapons Level 3 (Chrono Boost), Photon Cannon  
  165  10:10  Photon Cannon  
  165  10:11  Photon Cannon  
  165  10:13  Shield Battery  
  161  10:15  Photon Cannon x2  
  161  10:16  High Templar  
  169  10:22  Tempest (Chrono Boost)  
  169  10:26  Tempest (Chrono Boost)  
  164  10:45  Tempest (Chrono Boost)  
  164  10:51  Pylon x2  
  164  10:53  Tempest  
  164  10:55  Tempest  
  172  11:24  Tempest  
  157  11:30  Zealot x6  
  157  11:31  Zealot x3  
  172  11:36  Tempest  
  172  11:37  Tempest  
  175  11:40  Probe x2  
  175  11:46  Immortal  
  173  11:48  Probe  
  173  11:52  Zealot x9  
  188  12:04  Nexus  
  188  12:06  Photon Cannon  
  162  12:11  Probe  
  143  12:16  High Templar x5  
  143  12:17  Zealot x4  
  151  12:24  Archon  
  151  12:25  Immortal (Chrono Boost)  
  151  12:29  Photon Cannon, Assimilator  
  160  12:43  Void Ray (Chrono Boost)  
  170  12:50  Void Ray x2 (Chrono Boost)  
  167  12:56  Zealot x3, High Templar x2  
  175  13:01  Archon, Immortal (Chrono Boost)  
  175  13:02  Protoss Air Weapons Level 2 (Chrono Boost)  
  177  13:18  Void Ray (Chrono Boost)  
  166  13:20  Void Ray (Chrono Boost)  
  166  13:22  Void Ray (Chrono Boost)  
  178  13:28  Flux Vanes  
  178  13:31  Pylon  
  182  13:36  Observer (Chrono Boost)  
  182  13:38  Protoss Shields Level 1  
  179  13:52  Void Ray (Chrono Boost)  
  179  13:54  Void Ray (Chrono Boost), Nexus  
  179  13:59  Photon Cannon  
  179  14:02  Photon Cannon  
  187  14:04  Void Ray (Chrono Boost)  
  187  14:08  Nexus  
  191  14:11  Pylon  
  191  14:14  Pylon  
  191  14:16  Zealot x4  
  186  14:27  Pylon  
  186  14:30  Oracle  
  189  14:34  Pylon  
  189  14:35  Void Ray  
  189  14:42  Observer  
  194  14:46  High Templar x3  
  194  14:52  Archon  
  198  14:53  Photon Cannon  
  198  14:55  Photon Cannon  
  193  15:01  Void Ray x2  
  187  15:15  Zealot x6  
  187  15:19  Probe  
  200  15:29  Assimilator  
  200  15:33  Assimilator  
  194  15:43  Dark Shrine  
  194  15:46  Void Ray x2  
  194  15:47  Void Ray  
  182  16:00  Zealot  
  182  16:01  Zealot x8  
  192  16:23  Void Ray x2  
  192  16:24  Void Ray  
  166  16:30  Zealot x4  
  166  16:31  High Templar x3  
  174  16:39  Probe  
  157  16:44  Photon Cannon  
  157  16:48  Photon Cannon  
  157  16:49  Zealot  
  157  16:50  Zealot  
  157  16:52  Zealot x4  
Tags
 
Add a new tag
Caveats
  • Supply blocks, unpowered buildings, or Contaminate may cause inaccurate times.
  • Supply counts are checked every 10 seconds.